 Dungeon Crawl Stone Soup version 0.28-a0-1114-g8eb0198dcf (webtiles) character file.

Game seed: 4631816332849237669

7 Gargoyl the Skirmisher (level 2, -2/29 HPs)
             Began as a Gnoll Abyssal Knight on Dec 11, 2021.
             Was a Follower of Lugonu.
             Slain by a large abomination (18 damage)
             ... on level 2 of the Abyss.
             The game lasted 00:00:17 (134 turns).

Gargoyl the Skirmisher (Gnoll Abyssal Knight)        Turns: 134, Time: 00:00:17

Health: -2/29      AC:  3    Str: 12    XL:     2   Next: 4%
Magic:  5/5        EV: 12    Int:  9    God:    Lugonu [*.....]
Gold:   27         SH:  0    Dex: 12    Spells: 1/1 levels left

rFire   . . .      SeeInvis .   a - +1 hand axe
rCold   . . .      Faith    .   (no shield)
rNeg    . . .      Spirit   .   b - +0 leather armour
rPois   .          Reflect  .   (no helmet)
rElec   .          Harm     .   (no cloak)
rCorr   .          Rampage  .   (no gloves)
Will    .....                   (no boots)
Stlth   +.........              (no amulet)
HPRegen 0.09/turn               (no ring)
MPRegen 0.09/turn               (no ring)

@: no status effects
A: fangs 1, strong nose, distributed training
a: Renounce Religion, Depart the Abyss


You were on level 2 of the Abyss.
You worshipped Lugonu.
Lugonu was aware of your devotion.
You visited 0 branches of the dungeon, and saw 0 of its levels.
You visited the Abyss 1 time.

You collected 27 gold pieces.

Inventory:

Hand Weapons
 a - a +1 hand axe (weapon)
Armour
 b - a +0 leather armour (worn)


   Skills:
 + Level 6.4 Fighting
 + Level 0.2 Short Blades
 + Level 0.2 Long Blades
 + Level 4.4 Axes
 + Level 0.2 Maces & Flails
 + Level 0.2 Polearms
 + Level 0.2 Staves
 + Level 0.2 Slings
 + Level 0.2 Bows
 + Level 0.2 Crossbows
 + Level 0.2 Throwing
 + Level 4.4 Armour
 + Level 2.4 Dodging
 + Level 0.2 Stealth
 + Level 0.2 Shields
 + Level 0.2 Unarmed Combat
 + Level 0.2 Spellcasting
 + Level 0.1 Conjurations
 + Level 0.1 Hexes
 + Level 0.1 Summonings
 + Level 0.1 Necromancy
 + Level 0.1 Translocations
 + Level 0.1 Transmutations
 + Level 0.1 Fire Magic
 + Level 0.1 Ice Magic
 + Level 0.1 Air Magic
 + Level 0.1 Earth Magic
 + Level 0.1 Poison Magic
 + Level 4.4 Invocations
 + Level 0.2 Evocations


You had one spell level left.
You didn't know any spells.
Your spell library was empty.

Dungeon Overview and Level Annotations

Branches:
Dungeon (0/15)

Altars:


Innate Abilities, Weirdness & Mutations

You have very sharp teeth.
Your uncanny sense of smell can sniff out nearby items.
Your experience applies equally to all skills.


Message History

A shadow imp comes into view.
A shadow imp is nearby!
A shadow imp is nearby!
You barely miss the shadow imp. The shadow imp closely misses you. x2
You hit the shadow imp.
The shadow imp is heavily wounded.
The shadow imp hits you but does no damage.
You hit the shadow imp but do no damage.
The shadow imp is heavily wounded.
The shadow imp closely misses you.
Unknown command.
You hit the shadow imp but do no damage.
The shadow imp is heavily wounded.
The shadow imp picks up a beetle and eats it.
The shadow imp closely misses you.
Unknown command.
You hit the shadow imp but do no damage.
The shadow imp is heavily wounded.
The shadow imp hits you.
Unknown command.
You barely miss the shadow imp.
The shadow imp is heavily wounded.
The shadow imp gestures at you. Pain shoots through your body!
You hit the shadow imp.
You kill the shadow imp!
You have reached level 2!
Unknown command.
Unknown command.
A large abomination comes into view.
An ufetubus comes into view.
A large abomination comes into view.
The ufetubus shouts!
The ufetubus hits you. x2
The large abomination closely misses you.
The ufetubus barely misses you.
The ufetubus hits you but does no damage.
You barely miss the large abomination. The large abomination hits you!!
Ouch! That really hurt!
You die...

#. # #..# # .
# #...#. #.
.# # ..#.#
.#. .. ....#
.##. .#.#...
.
###...#.##.#.
.#
#@#X#...... #
.. #X#.#..5#
. ##5#..##..
.. .###..##
... .#.#..# .
# .##.#...# .
##..#..#.###
# ##..
.#..#.. .##.#
..#.....


You could see a large abomination and an ufetubus.

Vanquished Creatures
  A shadow imp (Abyss:2)
1 creature vanquished.

Notes
Turn   | Place    | Note
-------+----------+-------------------------------------------
     0 | Abyss:1  | Gargoyl the Gnoll Abyssal Knight began the quest for the
                  | Orb.
     0 | Abyss:1  | Reached XP level 1. HP: 23/23 MP: 3/3
     8 | Abyss:1  | Found a corrupted altar of Lugonu.
    86 | Abyss:2  | Reached XP level 2. HP: 16/29 MP: 5/5
   112 | Abyss:2  | Noticed a large abomination
   125 | Abyss:2  | Noticed a large abomination
   134 | Abyss:2  | Slain by a large abomination

Illustrated notes

Levels and vault maps discovered:
Abyss:2:  base: Temple, hangedman_relentless_pull

Action                   || total
-------------------------++-------
Melee: Hand axe          ||     8
Armor: Leather armour    ||     2
Dodge: Dodged            ||     6

Table legend: (Time is in decaauts)
 A = Elapsed time spent in this place.
 B = Non-inter-level travel time spent in this place.
 C = Inter-level travel time spent in this place.
 D = Time resting spent in this place.
 E = Time spent auto-exploring this place.
 F = Levels seen in this place.
 G = Mean time per level.
                   A        B        C        D        E       F      G
               +--------+--------+--------+--------+--------+-----+--------+
         Total |    135 |    135 |      0 |      0 |     95 |   2 |   67.5 |
         Abyss |    135 |    135 |      0 |      0 |     95 |   2 |   67.5 |
               +--------+--------+--------+--------+--------+-----+--------+

Top non-repeatable levels by time:
 Abyss:2: 95 daAuts
 Abyss:1: 40 daAuts
